 Dungeon Crawl Stone Soup version 0.28.0-43-g3370ac3207 (webtiles) character file.

Game seed: 8516262616855035709

444 fknight the Chopper (level 6, 0/56 HPs)
             Began as a Minotaur Berserker on Mar 4, 2022.
             Was a Priest of Trog.
             Slain by a gnoll
             ... wielding a +0 halberd
              (7 damage)
             ... on level 3 of the Dungeon.
             The game lasted 00:09:38 (2745 turns).

fknight the Chopper (Minotaur Berserker)            Turns: 2745, Time: 00:09:39

Health: 0/56       AC:  6    Str: 24    XL:     6   Next: 72%
Magic:  5/5        EV:  6    Int:  4    God:    Trog [***...]
Gold:   122        SH:  0    Dex:  9    Spells: 5/5 levels left

rFire   . . .      SeeInvis .   a - +0 hand axe
rCold   . . .      Faith    .   (no shield)
rNeg    . . .      Spirit   .   g - +0 ring mail
rPois   .          Reflect  .   (helmet restricted)
rElec   .          Harm     .   (no cloak)
rCorr   .          Rampage  .   (no gloves)
Will    +....                   (no boots)
Stlth   ..........              (no amulet)
HPRegen 0.18/turn               k - ring of willpower
MPRegen 0.09/turn               r - ring of flight

@: flying, held
A: horns 2, retaliatory headbutt
a: Renounce Religion, Berserk, Trog's Hand


You were on level 3 of the Dungeon.
You worshipped Trog.
Trog was most pleased with you.
You visited 1 branch of the dungeon, and saw 3 of its levels.

You collected 122 gold pieces.

Inventory:

Hand Weapons
 a - a +0 hand axe (weapon)
 i - a +0 hunting sling
 n - a +0 longbow
 w - a +1 whip of venom
Missiles
 f - 119 stones (quivered)
 q - 50 arrows
 u - 17 sling bullets
 v - 6 poisoned darts
Armour
 b - a +0 animal skin
 g - a +0 ring mail (worn)
Jewellery
 k - a ring of willpower (left hand)
 r - a ring of flight (right hand)
Scrolls
 e - a scroll of fear {unknown}
 j - a scroll of immolation {unknown}
 m - 2 scrolls of teleportation {unknown}
 o - a scroll of magic mapping {unknown}
 p - a scroll of amnesia {unknown}
Potions
 c - 4 potions of curing {unknown}
 d - a potion of haste {unknown}
 h - a potion of mutation {unknown}
 l - a potion of might {unknown}
 s - a potion of heal wounds {unknown}
 t - 2 potions of flight {unknown}


   Skills:
 + Level 5.5 Fighting
 + Level 5.5 Axes
 + Level 4.7 Armour
 + Level 4.3 Dodging


You had 5 spell levels left.
You didn't know any spells.
Your spell library was empty.

Dungeon Overview and Level Annotations

Branches:
Dungeon (3/15)

Altars:
Uskayaw


Innate Abilities, Weirdness & Mutations

You have a pair of horns on your head.
You reflexively headbutt those who attack you in melee.


Message History

You hit the orc but do no damage.
The orc is severely wounded.
The orc splashes around in the water.
The orc closely misses you.
You hit the orc.
You kill the orc!
Trog accepts your kill.
You hear a splash. x3
The orc splashes around in the water.
The orc closely misses you. You furiously retaliate!
You headbutt the orc!
You kill the orc!
Trog accepts your kill.
You hear a splash.
Items here: $ )) [ †.
The gnoll misses you.
Items here: )) [ ††.
Items here: $ )) [ †.
Items here: )) [ †.
The gnoll barely misses you.
Items here: $ )) [ †.
You now have 122 gold pieces (gained 11).
The gnoll misses you.
The gnoll throws a throwing net.
The throwing net hits you.
You become entangled in the net!
You hear a splash.
Items here: ( )) [ ††.
Okay, then.
You struggle against the net.
The gnoll hits you from afar with a +0 spear.
The gnoll barely misses you.
You struggle against the net.
The gnoll splashes around in the water.
The gnoll hits you but does no damage.
You struggle against the net.
The gnoll hits you from afar with a +0 spear.
The gnoll hits you from afar with a +0 halberd.
* * * LOW HITPOINT WARNING * * *
You struggle against the net.
The gnoll hits you from afar with a +0 spear.
* * * LOW HITPOINT WARNING * * *
The gnoll hits you from afar with a +0 halberd!
You die...

#....≈≈≈.# #....≈≈≈.#
#....≈≈≈.#.# #...P≈≈###'#
#....≈≈#...#############''++###
#....≈≈#.og#...................
###....≈≈#####†≈≈gg≈≈≈≈≈≈≈....≈≈≈
..#....≈≈≈≈≈≈≈≈≈≈≈≈≈≈≈≈≈≈≈....≈≈≈
.##....≈≈≈≈≈≈≈))@≈≈≈≈≈≈≈≈≈....≈≈≈
..#.....P........................
...#......................##.#>.#
...#.................#######.....
....................## ##..)†..#.
....................# ##....†....
...#.............<).# #..........
..[#................###..........
...##................##..........


You could see 2 gnolls.

Vanquished Creatures
  An ogre (D:3)
  A howler monkey (D:3)
  4 hounds (D:3)
  A gnoll shaman (D:3)
  Terence (D:2)
  3 gnolls (D:3)
  3 adders (D:2)
  A white imp (D:3)
  2 dart slugs
  6 orcs (D:3)
  6 ball pythons
  8 bats
  4 endoplasms
  7 giant cockroaches
  4 hobgoblins
  9 jackals (D:3)
  2 quokkas
  A frilled lizard (D:1)
  4 goblins
  6 kobolds
  6 rats
80 creatures vanquished.

Vanquished Creatures (others)
  5 plants
5 creatures vanquished.

Grand Total: 85 creatures vanquished

Notes
Turn   | Place    | Note
-------+----------+-------------------------------------------
     0 | D:1      | fknight the Minotaur Berserker began the quest for the Orb.
     0 | D:1      | Reached XP level 1. HP: 19/19 MP: 0/0
   346 | D:1      | Reached XP level 2. HP: 27/27 MP: 1/1
   864 | D:2      | Reached XP level 3. HP: 31/33 MP: 2/2
   971 | D:2      | Noticed Terence
   978 | D:2      | Killed Terence
  1080 | D:2      | Reached ** piety under Trog
  1166 | D:2      | Reached XP level 4. HP: 41/41 MP: 3/3
  1221 | D:2      | Found a faded altar of an unknown god.
  1825 | D:3      | Noticed an ogre
  1934 | D:3      | Killed an ogre
  1935 | D:3      | Reached XP level 5. HP: 47/47 MP: 4/4
  2115 | D:3      | Found a hide-covered altar of Uskayaw.
  2140 | D:3      | Reached skill level 5 in Axes
  2355 | D:3      | Reached skill level 5 in Fighting
  2437 | D:3      | Reached XP level 6. HP: 42/56 MP: 5/5
  2562 | D:3      | Reached *** piety under Trog
  2745 | D:3      | Slain by a gnoll

Illustrated notes

Levels and vault maps discovered:
D:1:      wander_arrival_estate, layout_loops_ring
D:2:      layout_loops_cross, shapermc_ecumenical_altar_mp_ritualfount,
          minmay_misc_feat_enclosed, uniq_terence
D:3:      lemuel_castle_with_subvaults [lemuel_castle_interior_original],
          layout_rooms, eat_drink_and_be_merry_uskayaw

Skill      XL: |  1  2  3  4  5  6 |
---------------+-------------------+-----
Axes           | 4 5 |  5.5
Fighting       | 4 5 |  5.5
Armour         | 3 4 |  4.7
Dodging        | 3 4 |  4.3

Action                   |  1- 3 |  4- 6 || total
-------------------------+-------+-------++-------
Melee: Hand axe          |    69 |   108 ||   177
       Headbutt          |     9 |    19 ||    28
       Punch             |     1 |     1 ||     2
 Fire: Hunting sling     |     1 |     3 ||     4
       Longbow           |       |    24 ||    24
Invok: Berserk           |       |     1 ||     1
Armor: Animal skin       |     3 |       ||     3
       Ring mail         |    19 |    36 ||    55
Dodge: Dodged            |    47 |    87 ||   134
